 Dungeon Sprint DCSS version 0.18.1-8-gdd0e5ea (webtiles) character file.

0 Groucho the Insei (level 1, -1/13 HPs)
             Began as an Octopode Transmuter on May 23, 2016.
             Was an Initiate of Makhleb.
             Slain by a worker ant (8 damage)
             ... in the Dungeon (Sprint VII: "The Pits").
             The game lasted 00:00:40 (84 turns).

Groucho the Insei (Octopode Transmuter)               Turns: 84, Time: 00:00:41

Health: -1/13      AC:  1    Str:  9    XL:     1   Next: 10%
Magic:  3/3        EV: 12    Int: 15    God:    Makhleb [......]
Gold:   0          SH:  0    Dex: 12    Spells: 1 memorised, 3 levels left

rFire  . . .     SeeInvis .     j - +2 trident
rCold  . . .     Gourm    .     (no shield)
rNeg   . . .     Faith    .     (helmet restricted)
rPois  .         Spirit   .     (no amulet)
rElec  .         Dismiss  .     (no ring)
rCorr  .         Reflect  .     (no ring)
SustAt .         Harm     .     (no ring)
MR     .....     NoTele   +     (no ring)
Stlth  ++........               (no ring)
                                (no ring)
                                (no ring)
                                (no ring)

@: lethally poisoned (-1 -> -12), not resistant to hostile enchantments,
unstealthy
A: almost no armour, amphibious, 8 rings, constrict 8, camouflage 1, gelatinous
body 1
a: Renounce Religion


You were in the Dungeon.
You worshipped Makhleb.
Makhleb was noncommittal.
You were not hungry.

You visited 1 branch

Inventory:

Hand Weapons
 j - a +2 trident (weapon)
Missiles
 a - 12 arrows
 q - 10 stones (quivered)
Scrolls
 i - a scroll of blinking
 n - 3 scrolls of remove curse
 o - 5 scrolls of amnesia
 p - a scroll of summoning
Potions
 d - a potion of curing
 e - a potion of heal wounds
 f - a potion of haste
 g - 4 potions of magic
 h - 3 potions of berserk rage
 m - 2 potions of invisibility
Books
 b - a book of Changes

   Spells                             Type                      Level
   a - Beastly Appendage              Transmutation                1
   b - Sticks to Snakes               Transmutation                2
   c - Spider Form                    Transmutation/Poison         3
   d - Ice Form                       Ice/Transmutation            4
   e - Blade Hands                    Transmutation                5
Comestibles
 c - 8 bread rations
 k - 40 fruits
 l - 7 meat rations


   Skills:
 * Level 1.1 Fighting
 * Level 2.1 Dodging
 + Level 0.4 Stealth
 * Level 3.1 Unarmed Combat
 * Level 2.0 Spellcasting
 * Level 2.0 Transmutations


You had 3 spell levels left.
You knew the following spells:

 Your Spells              Type           Power        Failure   Level  Hunger
a - Beastly Appendage     Trmt           #.....       12%         1    #......


Dungeon Overview and Level Annotations

Branches:
Dungeon (1/1)

Altars:
Ashenzari
Cheibriados
Dithmenos
Elyvilon
Fedhas
Gozag
Kikubaaqudgha
Makhleb
Nemelex Xobeh
Okawaru
Pakellas
Qazlal
Ru
Sif Muna
Trog
Vehumet
Xom
Yredelemnul
Zin
The Shining One
Beogh
Jiyva
Lugonu


Innate Abilities, Weirdness & Mutations

You cannot wear most types of armour.
You are amphibious.
You can wear up to eight rings at the same time.
You can use your tentacles to constrict eight enemies at once.
Your skin changes colour to match your surroundings (Stealth).
Your rubbery body absorbs attacks (AC +1).


Message History

The helpless worker ant fails to defend itself.
You hit the worker ant.
The worker ant is moderately wounded.
You puncture the worker ant! You grab the worker ant.
The worker ant is severely wounded.
You constrict the worker ant. The worker ant misses you.
The worker ant bites you.
You are lethally poisoned!
The worker ant poisons you!
You hit the worker ant but do no damage.
You squeeze the worker ant.
The worker ant is almost dead.
You constrict the worker ant, but do no damage.
You feel sick. The worker ant closely misses you.
You hit the worker ant but do no damage.
Your squeeze misses the worker ant.
The worker ant is almost dead.
You constrict the worker ant. The worker ant bites you!
Ouch! That really hurt!
You die...

############
#__________#
#__________#
#_#####'##############++
#_#)))'.'..##...........
#_#.))#.#?|##......#..#.
#######'#####...........
#.......@...'...........
#+#####a#####......#..#.
#.. #........... ###
####'#####++ #.......#
#.......# #.......#
#...<...# #.......#


You could see a worker ant.

Vanquished Creatures
  A bat (D)
1 creature vanquished.

Notes
Turn   | Place    | Note
--------------------------------------------------------------
     0 | D        | Groucho the Octopode Transmuter began the quest for the Orb.
     0 | D        | Reached XP level 1. HP: 13/13 MP: 3/3
    54 | D        | Found a sacrificial altar of Ru.
    54 | D        | Found a basalt altar of Yredelemnul.
    54 | D        | Found a shadowy altar of Dithmenos.
    54 | D        | Found a deep blue altar of Sif Muna.
    54 | D        | Found a burning altar of Makhleb.
    54 | D        | Found a shimmering altar of Xom.
    54 | D        | Found an ancient bone altar of Kikubaaqudgha.
    54 | D        | Found a sparkling altar of Nemelex Xobeh.
    55 | D        | Found a glowing golden altar of the Shining One.
    55 | D        | Found a bloodstained altar of Trog.
    55 | D        | Found a shattered altar of Ashenzari.
    55 | D        | Found a white marble altar of Elyvilon.
    55 | D        | Found a snail-covered altar of Cheibriados.
    55 | D        | Found a blossoming altar of Fedhas.
    55 | D        | Found a radiant altar of Vehumet.
    55 | D        | Found a glowing silver altar of Zin.
    55 | D        | Found a corrupted altar of Lugonu.
    55 | D        | Found a viscous altar of Jiyva.
    55 | D        | Found a roughly hewn altar of Beogh.
    55 | D        | Found an iron altar of Okawaru.
    56 | D        | Found an oddly glowing altar of Pakellas.
    59 | D        | Became a worshipper of Makhleb the Destroyer
    64 | D        | Found a stormy altar of Qazlal.
    65 | D        | Found an opulent altar of Gozag.
    80 | D        | Noticed a worker ant
    84 | D        | Slain by a worker ant

Action                   || total
-------------------------++-------
Melee: Trident           ||     4
       Unarmed           ||     4
       Constrict         ||     1
       Tentacles         ||     1
 Stab: Sleeping          ||     2
Dodge: Dodged            ||     6
